AoeStats
← larrery

Arena

509877334Analyzed
4v4 RM · 5d ago on Sep 28, 2026· 58m 49s· 8 players
Game mode
Random Map
Map size
Large (8 player)
Population
200
Speed
Normal
Resources
Standard
Victory
Conquest
Starting age
Dark Age
Ending age
Imperial Age
RankedLock teamsTeams togetherTeam positionsShared explorationLock speedFull tech treeHidden civsTurbo modeCheats
Victory
Defeat
🇹🇷 Khmer · Türkiye
990
+15
🇦🇺 Teutons · Australia
952
+16
833
+21
🇨🇳 Persians · China
763
+24
🇪🇸 Berbers · Spain
998
-21
🇨🇴 Bohemians · Colombia
975
-20
🇨🇳 Franks · China
953
-19
🇧🇪 Vietnamese · Belgium
888
-16
Roberto_Panini
11:54 Loom
14:23 Feudal Age
14:57 Double-Bit Axe
20:34 Castle Age
18:49 Horse Collar
20:12 Fletching
21:49 Town Watch
21:41 Pikeman
23:43 Town Watch
24:03 Padded Archer Armor
29:35 Wheelbarrow
32:51 Imperial Age
33:06 Elite Rattan Archer
33:12 Elite Rattan Archer
37:47 Elite Fire Lancer
42:06 Halberdier
44:06 Man-at-Arms
44:12 Man-at-Arms
44:55 Scale Mail Armor
45:05 Forging
44:52 Long Swordsman
45:43 Two-Handed Swordsman
46:45 Champion
51:46 Elite Skirmisher
54:30 Imperial Skirmisher
Joaksss
11:32 Feudal Age
11:26 Loom
15:31 Castle Age
14:19 Double-Bit Axe
14:17 Horse Collar
16:51 Town Watch
20:50 Wheelbarrow
22:42 Heavy Plow
23:51 Forging
24:05 Bow Saw
24:40 Scale Barding Armor
25:39 Iron Casting
24:34 Pikeman
25:18 Scale Mail Armor
26:40 Hand Cart
27:05 Iron Casting
27:11 Bloodlines
29:03 Squires
29:38 Chain Mail Armor
30:01 Husbandry
30:23 Chain Barding Armor
36:58 Imperial Age
34:52 Arson
35:08 Gold Mining
35:09 Stone Mining
35:28 Town Patrol
36:45 Gold Shaft Mining
37:12 Heavy Camel Rider
38:57 Blast Furnace
38:30 Plate Mail Armor
37:31 Capped Ram
39:21 Stone Shaft Mining
39:45 Plate Barding Armor
40:58 Capped Ram
42:00 Fletching
43:01 Bodkin Arrow
42:44 Heavy Scorpion
44:10 Bracer
44:40 Thumb Ring
43:57 Elite Skirmisher
44:41 Padded Archer Armor
45:38 Ballistics
44:41 Crossbowman
46:32 Chemistry
47:21 Leather Archer Armor
48:06 Masonry
48:04 Siege Engineers
48:47 Conscription
48:31 Maghrebi Camels
49:48 Ring Archer Armor
50:05 Caravan
53:19 Masonry
53:16 Siphons
贝贝
10:58 Feudal Age
12:07 Double-Bit Axe
16:18 Castle Age
18:09 Bow Saw
21:51 Gold Mining
26:18 Imperial Age
25:19 Wheelbarrow
27:08 Hand Cart
26:46 Cavalier
27:26 Husbandry
28:36 Forging
28:32 Scale Barding Armor
30:28 Loom
34:26 Iron Casting
34:11 Chain Barding Armor
33:56 Town Watch
34:52 Pikeman
35:33 Squires
37:46 Blast Furnace
37:21 Plate Barding Armor
37:28 Gold Shaft Mining
36:49 Stone Mining
42:17 Halberdier
45:56 Scale Mail Armor
larrery
11:21 Feudal Age
16:35 Castle Age
14:38 Double-Bit Axe
14:55 Horse Collar
18:23 Fervor
22:56 Imperial Age
22:47 Chemistry
22:30 Bow Saw
23:53 Town Watch
Jack Sparrow
4:25 Loom
13:40 Feudal Age
17:09 Castle Age
16:05 Horse Collar
16:12 Double-Bit Axe
16:19 Gold Mining
17:14 Fletching
17:25 Padded Archer Armor
28:28 Ballistics
28:06 Bodkin Arrow
28:26 Leather Archer Armor
32:58 Wheelbarrow
33:01 Heavy Plow
35:48 Imperial Age
34:52 Stone Mining
35:40 Gold Shaft Mining
35:56 Bow Saw
36:40 Hand Cart
36:10 Town Watch
38:06 Bracer
38:37 Ring Archer Armor
39:11 Chemistry
39:50 Stone Shaft Mining
40:34 Elite Ballista Elephant
40:40 Elite Ballista Elephant
40:58 Elite Ballista Elephant
42:53 Crop Rotation
42:40 Tusk Swords
42:48 Double Crossbow
48:40 Caravan
49:26 Husbandry
49:37 Bloodlines
Matcha
2:39 Loom
10:50 Feudal Age
12:33 Horse Collar
18:06 Castle Age
16:40 Double-Bit Axe
17:33 Scale Barding Armor
17:38 Forging
31:17 Chain Barding Armor
31:33 Iron Casting
33:06 Bow Saw
34:36 Scale Mail Armor
34:50 Heavy Plow
37:23 Imperial Age
34:40 Arson
34:41 Gambesons
34:21 Pikeman
36:02 Wheelbarrow
36:22 Squires
36:58 Chain Mail Armor
38:56 Conscription
38:17 Elite Teutonic Knight
39:33 Conscription
40:43 Two-Man Saw
39:53 Halberdier
43:35 Blast Furnace
43:05 Plate Mail Armor
46:27 Capped Ram
49:28 Crenellations
fighter7928
11:09 Feudal Age
16:37 Castle Age
14:47 Horse Collar
16:19 Double-Bit Axe
20:28 Wheelbarrow
20:18 Bow Saw
20:57 Gold Mining
22:37 Hand Cart
23:26 Heavy Plow
25:25 Gold Shaft Mining
29:56 Imperial Age
27:58 Kamandaran
28:49 Crossbowman
31:59 Thumb Ring
32:04 Squires
31:25 Pikeman
31:50 Arson
34:05 Two-Man Saw
34:42 Caravan
34:11 Elite War Elephant
34:46 Halberdier
36:12 Forging
36:04 Scale Mail Armor
36:11 Scale Barding Armor
36:20 Light Cavalry
37:11 Bloodlines
37:01 Husbandry
37:07 Hussar
41:13 Iron Casting
40:53 Chain Mail Armor
40:59 Chain Barding Armor
42:34 Fletching
42:44 Padded Archer Armor
43:46 Blast Furnace
48:07 Crop Rotation
53:03 Chemistry
52:24 Ballistics
54:23 Bodkin Arrow
54:44 Leather Archer Armor
54:59 Plate Mail Armor
55:05 Plate Barding Armor
早点碎觉不白给
0:28 Loom
15:12 Feudal Age
15:40 Horse Collar
15:56 Double-Bit Axe
15:58 Town Watch
22:07 Castle Age
23:14 Pikeman
23:54 Squires
26:21 Heavy Plow
26:35 Bow Saw
29:13 Fletching
32:01 Imperial Age
33:17 Conscription
34:03 Two-Man Saw
33:48 Wheelbarrow
37:41 Chemistry
44:34 Hand Cart
46:44 Siege Engineers
47:22 Elite Hussite Wagon
50:35 Arson
51:46 Fortified Wall
51:47 Masonry
55:40 Wagenburg Tactics
57:31 Caravan
Connection lost

Rejoining the realm…

Still unreachable

The connection could not be restored.

Session expired

The server has moved on; the page needs a fresh start.